General information
- name: BNet
- type: Ladder team game (AT/RT)
- host: Battle.net
- saver: BEAR_AND
map: RiverOfSouls
- players: 6
- length: 37:16
- speed: Fast
- version: 1.21 W3XP
- replay type:

» download(237 KB)
Players
team 1 (loser)

»
Black-Hawk_ (
pink | 71 APM | 2260 actions | 31:48)
5 Death Knight
3 Death Coil
2 Unholy Aura
4 Lich
2 Frost Nova
2 Dark Ritual
» actions
| Assign group hotkey | 40 | |
| Basic commands | 52 | |
| Build / train | 71 | |
| ESC pressed | 6 | |
| Enter build submenu | 11 | |
| Enter hero's abilities submenu | 9 | |
| Give item / drop item | 4 | |
| Right click | 982 | |
| Select / deselect | 491 | |
| Select group hotkey | 454 | |
| Use ability | 140 | |
2260 total
» units
| Acolyte | 2 | |
| Ghoul | 2 | |
| Crypt Fiend | 20 | |
| Obsidian Statue | 7 | |
| Meatwagon | 2 | |
33 total
» upgrades
| Creature Attack | 3 | |
| Destroyer Form | 1 | |
| Web | 1 | |
| Creature Carapace | 2 | |
7 total
» buildings
| Crypt | 1 | |
| Graveyard | 1 | |
| Ziggurat | 6 | |
| Altar of Darkness | 1 | |
| Tomb of Relics | 1 | |
| Nerubian Tower | 1 | |
| Halls of the Dead | 1 | |
| Black Citadel | 1 | |
| Slaughterhouse | 1 | |
| Sacrificial Pit | 1 | |
15 total
» build order
01:17 Crypt
01:19 Graveyard
01:21 Ziggurat
01:24 Altar of Darkness
01:29 Ziggurat
01:31 Tomb of Relics
02:18 Nerubian Tower
04:03 Ziggurat
04:43 Halls of the Dead
05:42 Ziggurat
07:05 Black Citadel
07:56 Slaughterhouse
12:30 Ziggurat
12:32 Ziggurat
13:58 Sacrificial Pit
» items
| Dust of Appearance | 1 | |
| Rod of Necromancy | 1 | |
| Potion of Healing | 7 | |
| Scroll of Town Portal | 3 | |
| Orb of Corruption | 2 | |
| Potion of Mana | 1 | |
| Scroll of Healing | 2 | |
17 total

»
Phoenix_Flame16 (
yellow | 37 APM | 1365 actions | 37:16)
2 Keeper of the Grove
1 Entangling Roots
1 Thorns Aura
» actions
| Assign group hotkey | 20 | |
| Basic commands | 13 | |
| Build / train | 69 | |
| Enter build submenu | 25 | |
| Enter hero's abilities submenu | 2 | |
| Remove unit from queue | 6 | |
| Right click | 793 | |
| Select / deselect | 379 | |
| Select group hotkey | 10 | |
| Use ability | 48 | |
1365 total
» units
| Wisp | 23 | |
| Archer | -2 | |
| Huntress | 4 | |
| Glaive Thrower | 9 | |
| Mountain Giant | 4 | |
| Dryad | 2 | |
| Hippogryph | 2 | |
| Chimaera | 8 | |
50 total
» upgrades
| Strength of the Wild | 1 | |
| Abolish Magic | 1 | |
| Reinforced Hides | 1 | |
| Hardened Skin | 1 | |
| Resistant Skin | 1 | |
| Corrosive Breath | 1 | |
6 total
» buildings
| Altar of Elders | 1 | |
| Moon Well | 8 | |
| Ancient of War | 1 | |
| Hunter's Hall | 1 | |
| Tree of Ages | 1 | |
| Ancient of Wonders | 4 | |
| Ancient Protector | 1 | |
| Ancient of Lore | 2 | |
| Tree of Eternity | 1 | |
| Ancient of Wind | 1 | |
| Chimaera Roost | 2 | |
23 total
» build order
00:09 Altar of Elders
00:15 Moon Well
00:48 Ancient of War
02:21 Hunter's Hall
02:30 Moon Well
03:42 Tree of Ages
03:46 Moon Well
04:17 Moon Well
04:25 Ancient of Wonders
04:31 Ancient of Wonders
04:36 Ancient Protector
04:47 Moon Well
04:55 Ancient of Wonders
05:30 Moon Well
06:08 Ancient of Lore
07:03 Ancient of Lore
09:23 Tree of Eternity
13:56 Ancient of Wind
15:08 Chimaera Roost
16:10 Chimaera Roost
18:41 Moon Well
19:25 Moon Well
24:50 Ancient of Wonders
» items
| Rod of Necromancy | 1 | |
| Scroll of Town Portal | 1 | |
2 total

»
XpDynamicDeath (
purple | 38 APM | 1367 actions | 36:13)
4 Death Knight
2 Death Coil
2 Unholy Aura
» actions
| Assign group hotkey | 14 | |
| Basic commands | 25 | |
| Build / train | 60 | |
| Enter build submenu | 16 | |
| Enter hero's abilities submenu | 4 | |
| Remove unit from queue | 3 | |
| Right click | 674 | |
| Select / deselect | 412 | |
| Select group hotkey | 99 | |
| Use ability | 60 | |
1367 total
» units
| Acolyte | 4 | |
| Ghoul | 4 | |
| Crypt Fiend | 24 | |
| Frost Wyrm | 6 | |
38 total
» upgrades
| Creature Attack | 3 | |
| Creature Carapace | 1 | |
| Web | 1 | |
| Freezing Breath | 1 | |
6 total
» buildings
| Graveyard | 1 | |
| Crypt | 2 | |
| Ziggurat | 7 | |
| Altar of Darkness | 1 | |
| Nerubian Tower | 1 | |
| Halls of the Dead | 1 | |
| Black Citadel | 1 | |
| Sacrificial Pit | 1 | |
| Boneyard | 2 | |
| Spirit Tower | 4 | |
| Slaughterhouse | 2 | |
23 total
» build order
00:08 Graveyard
00:10 Crypt
00:39 Ziggurat
00:56 Altar of Darkness
01:26 Ziggurat
02:30 Nerubian Tower
04:22 Ziggurat
04:23 Ziggurat
04:46 Halls of the Dead
07:07 Black Citadel
07:11 Sacrificial Pit
09:38 Boneyard
09:42 Boneyard
11:05 Ziggurat
11:08 Ziggurat
11:13 Ziggurat
17:29 Spirit Tower
17:30 Spirit Tower
17:32 Spirit Tower
21:45 Crypt
30:16 Slaughterhouse
30:33 Slaughterhouse
32:24 Spirit Tower
» items
team 2 (winner)
BEAR_AND (
blue | 89 APM | 3335 actions | 37:16)
7 Warden
3 Shadow Strike
1 Fan of Knives
2 Blink
1 Spirit of Vengeance
» actions
| Assign group hotkey | 13 | |
| Basic commands | 4 | |
| Build / train | 74 | |
| Enter build submenu | 17 | |
| Enter hero's abilities submenu | 8 | |
| Give item / drop item | 5 | |
| Remove unit from queue | 2 | |
| Right click | 1880 | |
| Select / deselect | 295 | |
| Select group hotkey | 905 | |
| Use ability | 132 | |
3335 total
» units
» upgrades
| Ultravision | 1 | |
| Strength of the Wild | 3 | |
| Reinforced Hides | 3 | |
| Nature's Blessing | 1 | |
| Well Spring | 1 | |
| Corrosive Breath | 1 | |
10 total
» buildings
| Altar of Elders | 1 | |
| Moon Well | 8 | |
| Tree of Life | 1 | |
| Tree of Ages | 1 | |
| Ancient of Wonders | 1 | |
| Hunter's Hall | 1 | |
| Tree of Eternity | 1 | |
| Ancient of Wind | 1 | |
| Chimaera Roost | 2 | |
17 total
» build order
00:12 Altar of Elders
00:36 Moon Well
01:48 Moon Well
04:37 Tree of Life
05:17 Tree of Ages
06:03 Ancient of Wonders
06:28 Hunter's Hall
06:57 Moon Well
06:58 Moon Well
08:02 Tree of Eternity
09:15 Ancient of Wind
11:24 Chimaera Roost
11:25 Chimaera Roost
20:19 Moon Well
20:22 Moon Well
22:24 Moon Well
35:38 Moon Well
» items
| Boots of Speed | 1 | |
| Tome of Retraining | 1 | |
| Healing Salve | 1 | |
| Lesser Clarity Potion | 3 | |
| Orb of Venom | 1 | |
| Potion of Healing | 1 | |
| Staff of Preservation | 1 | |
| Staff of Teleportation | 1 | |
10 total
bLinn (
green | 95 APM | 3542 actions | 37:16)
5 Blademaster
3 Wind Walk
2 Critical Strike
6 Shadow Hunter
2 Hex
3 Healing Wave
1 Big Bad Voodoo
» actions
| Assign group hotkey | 176 | |
| Basic commands | 12 | |
| Build / train | 93 | |
| Enter build submenu | 73 | |
| Enter hero's abilities submenu | 12 | |
| Give item / drop item | 3 | |
| Remove unit from queue | 4 | |
| Right click | 1869 | |
| Select / deselect | 467 | |
| Select group hotkey | 528 | |
| Use ability | 305 | |
3542 total
» units
» upgrades
| Spiked Barricades | 2 | |
| Liquid Fire | 1 | |
| Reinforced Defenses | 1 | |
| Armor | 1 | |
5 total
» buildings
| Altar of Storms | 1 | |
| Orc Burrow | 4 | |
| War Mill | 1 | |
| Watch Tower | 67 | |
| Stronghold | 2 | |
| Voodoo Lounge | 2 | |
| Fortress | 2 | |
| Beastiary | 2 | |
81 total
» build order
00:04 Altar of Storms
00:12 Orc Burrow
00:23 War Mill
01:42 Watch Tower
01:43 Watch Tower
02:17 Orc Burrow
02:33 Watch Tower
03:20 Watch Tower
03:21 Watch Tower
03:41 Stronghold
03:41 Stronghold
03:50 Voodoo Lounge
04:11 Watch Tower
04:19 Watch Tower
04:25 Watch Tower
05:41 Watch Tower
05:43 Watch Tower
05:45 Watch Tower
06:06 Fortress
06:07 Fortress
06:10 Beastiary
06:27 Orc Burrow
06:50 Watch Tower
06:51 Watch Tower
06:59 Watch Tower
07:26 Beastiary
07:57 Watch Tower
07:58 Watch Tower
08:08 Watch Tower
09:22 Watch Tower
09:22 Watch Tower
09:39 Watch Tower
10:27 Orc Burrow
10:43 Voodoo Lounge
10:46 Watch Tower
11:08 Watch Tower
12:01 Watch Tower
13:39 Watch Tower
13:52 Watch Tower
15:13 Watch Tower
15:15 Watch Tower
15:16 Watch Tower
15:50 Watch Tower
15:50 Watch Tower
15:51 Watch Tower
15:52 Watch Tower
17:11 Watch Tower
17:12 Watch Tower
17:13 Watch Tower
17:20 Watch Tower
17:20 Watch Tower
17:22 Watch Tower
17:23 Watch Tower
17:24 Watch Tower
17:25 Watch Tower
18:30 Watch Tower
18:31 Watch Tower
18:32 Watch Tower
19:06 Watch Tower
20:45 Watch Tower
22:14 Watch Tower
22:15 Watch Tower
22:16 Watch Tower
23:51 Watch Tower
23:52 Watch Tower
23:53 Watch Tower
25:17 Watch Tower
25:18 Watch Tower
25:19 Watch Tower
30:00 Watch Tower
30:01 Watch Tower
30:01 Watch Tower
30:02 Watch Tower
30:03 Watch Tower
30:03 Watch Tower
30:03 Watch Tower
30:04 Watch Tower
30:04 Watch Tower
30:05 Watch Tower
30:05 Watch Tower
30:06 Watch Tower
» items
| Boots of Speed | 2 | |
| Staff of Teleportation | 2 | |
| Orb of Lightning | 1 | |
| Potion of Healing | 3 | |
| Lesser Clarity Potion | 5 | |
| Healing Salve | 2 | |
| Scroll of Speed | 1 | |
| Scroll of Town Portal | 1 | |
17 total
TIMG4STRok (
teal | 85 APM | 3168 actions | 37:16)
5 Archmage
3 Blizzard
2 Brilliance Aura
6 Pandaren Brewmaster
3 Breath of Fire
3 Drunken Haze
» actions
| Assign group hotkey | 11 | |
| Basic commands | 82 | |
| Build / train | 125 | |
| ESC pressed | 7 | |
| Enter build submenu | 81 | |
| Enter hero's abilities submenu | 12 | |
| Give item / drop item | 1 | |
| Right click | 1542 | |
| Select / deselect | 305 | |
| Select group hotkey | 689 | |
| Use ability | 313 | |
3168 total
» units
| Peasant | 18 | |
| Dragonhawk Rider | 4 | |
| Mortar Team | 2 | |
24 total
» upgrades
| Masonry | 2 | |
| Magic Sentry | 1 | |
| Armor | 3 | |
| Swords | 3 | |
| Lumber Harvesting | 1 | |
| Cloud | 1 | |
| Gunpowder | 1 | |
12 total
» buildings
| Lumber Mill | 1 | |
| Altar of Kings | 1 | |
| Farm | 10 | |
| Scout Tower | 116 | |
| Arcane Tower | 2 | |
| Guard Tower | 54 | |
| Town Hall | 1 | |
| Keep | 1 | |
| Arcane Sanctum | 1 | |
| Blacksmith | 1 | |
| Gryphon Aviary | 2 | |
| Arcane Vault | 1 | |
| Castle | 1 | |
| Barracks | 1 | |
| Workshop | 2 | |
195 total
» build order
00:10 Lumber Mill
00:33 Altar of Kings
00:40 Farm
00:59 Scout Tower
01:31 Farm
01:46 Arcane Tower
01:49 Scout Tower
02:16 Scout Tower
02:17 Scout Tower
02:18 Guard Tower
02:32 Scout Tower
02:46 Guard Tower
02:46 Guard Tower
02:47 Guard Tower
02:49 Scout Tower
03:33 Guard Tower
03:35 Scout Tower
03:35 Scout Tower
04:03 Guard Tower
04:05 Scout Tower
04:06 Scout Tower
04:23 Town Hall
04:30 Scout Tower
04:31 Scout Tower
04:32 Scout Tower
04:37 Scout Tower
04:40 Guard Tower
04:45 Scout Tower
05:22 Arcane Tower
05:24 Guard Tower
05:26 Scout Tower
05:27 Scout Tower
06:10 Guard Tower
06:46 Scout Tower
07:20 Scout Tower
07:20 Scout Tower
07:21 Scout Tower
07:22 Scout Tower
07:23 Scout Tower
07:23 Scout Tower
08:00 Keep
08:04 Guard Tower
08:04 Guard Tower
08:15 Guard Tower
08:22 Scout Tower
08:23 Scout Tower
08:24 Scout Tower
08:25 Scout Tower
08:43 Guard Tower
08:55 Guard Tower
08:59 Scout Tower
09:00 Scout Tower
09:02 Scout Tower
09:02 Scout Tower
09:11 Guard Tower
09:33 Scout Tower
09:34 Scout Tower
09:38 Scout Tower
09:39 Scout Tower
09:40 Scout Tower
09:41 Guard Tower
10:08 Scout Tower
10:08 Scout Tower
10:09 Scout Tower
10:20 Guard Tower
10:28 Guard Tower
10:30 Guard Tower
10:32 Arcane Sanctum
10:44 Blacksmith
10:50 Gryphon Aviary
10:51 Gryphon Aviary
11:14 Guard Tower
11:37 Scout Tower
11:38 Scout Tower
11:38 Scout Tower
11:41 Scout Tower
11:42 Scout Tower
11:43 Scout Tower
11:44 Scout Tower
11:57 Guard Tower
12:00 Scout Tower
12:00 Scout Tower
12:12 Guard Tower
12:42 Guard Tower
13:01 Guard Tower
13:36 Scout Tower
13:50 Guard Tower
13:59 Farm
13:59 Farm
14:01 Farm
14:49 Scout Tower
14:50 Guard Tower
14:52 Scout Tower
14:52 Scout Tower
14:55 Scout Tower
14:56 Scout Tower
16:10 Guard Tower
16:12 Guard Tower
16:16 Scout Tower
16:17 Scout Tower
16:21 Scout Tower
16:21 Scout Tower
16:23 Scout Tower
16:23 Scout Tower
16:24 Scout Tower
16:24 Scout Tower
16:27 Scout Tower
16:27 Scout Tower
16:28 Scout Tower
16:28 Scout Tower
16:37 Scout Tower
16:39 Scout Tower
16:42 Scout Tower
16:44 Scout Tower
16:46 Scout Tower
17:01 Arcane Vault
17:40 Guard Tower
18:19 Scout Tower
18:20 Scout Tower
18:21 Scout Tower
18:22 Scout Tower
18:23 Scout Tower
18:23 Scout Tower
18:25 Scout Tower
18:38 Guard Tower
18:40 Guard Tower
18:52 Castle
19:07 Guard Tower
19:21 Guard Tower
19:29 Scout Tower
19:40 Guard Tower
19:51 Guard Tower
19:55 Guard Tower
20:23 Guard Tower
20:29 Guard Tower
21:06 Scout Tower
21:21 Guard Tower
21:55 Guard Tower
21:57 Scout Tower
21:57 Scout Tower
21:58 Scout Tower
21:59 Scout Tower
22:23 Barracks
22:28 Guard Tower
22:42 Scout Tower
22:46 Scout Tower
22:48 Scout Tower
22:50 Scout Tower
22:52 Scout Tower
22:53 Scout Tower
22:56 Scout Tower
23:00 Scout Tower
23:01 Scout Tower
23:01 Scout Tower
23:02 Scout Tower
23:15 Guard Tower
23:22 Guard Tower
23:39 Guard Tower
24:28 Guard Tower
24:34 Guard Tower
24:37 Guard Tower
25:13 Guard Tower
25:19 Guard Tower
25:34 Scout Tower
25:35 Scout Tower
25:36 Scout Tower
25:42 Scout Tower
25:43 Scout Tower
25:47 Scout Tower
25:49 Scout Tower
25:50 Scout Tower
25:51 Scout Tower
25:53 Scout Tower
25:57 Scout Tower
26:03 Scout Tower
26:04 Scout Tower
26:05 Scout Tower
26:05 Scout Tower
26:06 Scout Tower
26:07 Scout Tower
26:08 Scout Tower
26:08 Scout Tower
27:21 Guard Tower
27:25 Guard Tower
27:28 Scout Tower
27:40 Guard Tower
28:18 Guard Tower
28:28 Guard Tower
32:32 Workshop
32:34 Workshop
33:42 Farm
33:42 Farm
33:44 Farm
33:46 Farm
33:46 Farm
» items
| Staff of Teleportation | 2 | |
| Boots of Speed | 2 | |
| Healing Salve | 2 | |
| Lesser Clarity Potion | 1 | |
| Orb of Lightning | 2 | |
| Scroll of Regeneration | 1 | |
| Potion of Healing | 2 | |
| Scroll of Town Portal | 1 | |
| Staff of Sanctuary | 2 | |
15 total
Chat log
(06:10 / All) XpDynamicDeath: u guys are so bad
(06:37 / All) bLinn: LOL
(07:26 / All) XpDynamicDeath: LMAO
(07:28 / All) XpDynamicDeath: NICE BASE!
(20:42 / All) BEAR_AND: grompy
(20:58 / All) TIMG4STRok: BYE PURP
(21:08 / All) XpDynamicDeath: thats it?
(21:16 / All) XpDynamicDeath: jeez grow more grass
(23:36 / All) BEAR_AND: thanks
(24:20 / All) BEAR_AND: quit
(24:21 / All) TIMG4STRok: SUCH nub
(24:21 / All) BEAR_AND: quit
(24:22 / All) BEAR_AND: quit
(24:23 / All) BEAR_AND: quti
(24:42 / All) BEAR_AND: Quit
(25:07 / All) bLinn: damn, we're lucky u suck..
(25:18 / All) Phoenix_Flame16: keep talking :)
(25:23 / All) BEAR_AND: keep losing :)
(25:24 / All) bLinn: keep losing :)
(25:29 / All) XpDynamicDeath: LOL
(25:31 / All) XpDynamicDeath: REHEARSED
(25:31 / All) Phoenix_Flame16: im sure we are
(25:51 / All) bLinn: hmm how many expos have u got?: 0
(25:58 / All) BEAR_AND: we have 3
(26:04 / All) XpDynamicDeath: My main mine has more gold than ur expo
(26:09 / All) Phoenix_Flame16: and they should be running dry soon
(26:16 / All) BEAR_AND: lmfao u been mining w/ 3 acos?
(26:23 / All) bLinn: noob.. u can make 5 :)
(26:24 / All) TIMG4STRok: im sitting on 10k right now thanks;
(26:30 / All) BEAR_AND: 9.6 k
(26:31 / All) XpDynamicDeath: And still cant use it
(26:32 / All) bLinn: 3.5
(27:06 / All) BEAR_AND: goooooood work )npot)
(27:28 / All) bLinn: hm.. those chimaera sure did a lot of dmg..
(27:30 / All) bLinn: O WAIT LO LN O
(27:56 / All) BEAR_AND: damn dude you love potions
(28:12 / All) BEAR_AND: and dying
(28:19 / All) bLinn: and sucking at war3
(28:28 / All) BEAR_AND: Bryan Perenolde (2002-2008) Loved potions, and dying.
(28:28 / All) bLinn: and sucking a dilk irl
(30:52 / All) TIMG4STRok: good luck
(31:43 / All) BEAR_AND: bye
(31:44 / All) BEAR_AND: quit
(31:47 / All) Black-Hawk_: gg noobs mass towers ftw. no skill
(31:51 / All) bLinn: good game, you may leave.
(31:52 / All) Phoenix_Flame16: bioe
(31:55 / All) Phoenix_Flame16: nope
(31:58 / All) Phoenix_Flame16: jus gona stay now
(32:00 / All) BEAR_AND: yep
(32:01 / All) BEAR_AND: bye
(32:09 / All) XpDynamicDeath: im staying
(32:15 / All) Phoenix_Flame16: wasting 15 minutes of your life since you wasted a while of mine
(32:16 / All) BEAR_AND: lmfao
(32:22 / All) BEAR_AND: enjoy your long loss
(32:31 / All) Phoenix_Flame16: enjoy your long hollow win
(32:39 / All) BEAR_AND: nah its full of creamy Ownage
(32:46 / All) BEAR_AND: ty for unsummon
(32:48 / All) bLinn: hmm.. losing in 20 minutes.. $5; losing in 25 minutes.. $10, losing but staying in game for extra 20 minutes: priceless
(32:48 / All) BEAR_AND: make is easier
(32:49 / All) Phoenix_Flame16: not really
(33:01 / All) TIMG4STRok: do you know i make money off of each game.
(33:11 / All) XpDynamicDeath: Why are you still talking?
(33:13 / All) BEAR_AND: between 2 and 6 dollars for every good game
(33:17 / All) BEAR_AND: why are you still here (losing)?
(33:17 / All) XpDynamicDeath: We stopped listening before the game started
(33:21 / All) Phoenix_Flame16: wow thanks for letting me know you live a fulfilling life
(33:36 / All) Phoenix_Flame16: your mom upstairs cooking you loser?
(33:42 / All) bLinn: why would she cook me
(33:43 / All) XpDynamicDeath: Yes she is
(33:44 / All) bLinn: that doesn't make sense
(33:54 / All) BEAR_AND: u guys live with moms?
(33:56 / All) BEAR_AND: or college?
(34:03 / All) XpDynamicDeath: I happen to be underage thanks for asking
(34:03 / All) Phoenix_Flame16: wow you take the short bus to school too?
(34:07 / All) Phoenix_Flame16: asesome
(34:07 / All) BEAR_AND: little child
(34:10 / All) BEAR_AND: no wonder you suck
(34:12 / All) BEAR_AND: 14?
(34:13 / All) BEAR_AND: 15?
(34:14 / All) XpDynamicDeath: im glad ur 30 and still play games
(34:18 / All) BEAR_AND: 20 actualy;
(34:22 / All) XpDynamicDeath: LOL
(34:25 / All) XpDynamicDeath: GO GET A JOB KIDDO
(34:29 / All) BEAR_AND: got one; lmao
(34:31 / All) BEAR_AND: two actually
(34:32 / All) bLinn: i will be ur translator.. i too am a child like u
(34:33 / All) XpDynamicDeath: dick sucking?
(34:33 / All) bLinn: do not worry
(34:41 / All) BEAR_AND: did u get tha tjoke off your popsicle stick
(34:41 / All) BEAR_AND: damn
(34:42 / All) bLinn: i am merely a savant.. a prodigy.. born with immense skill at war3
(34:51 / All) bLinn: "young blinn" they call me
(35:27 / All) bLinn: please don't tell ur teacher about us
(35:36 / All) Phoenix_Flame16: yes so skillful you can hero nuke like any other tard
(35:43 / All) BEAR_AND: from the undead/ne team
(35:46 / All) BEAR_AND: lmfao
(36:01 / All) BEAR_AND: you can run your heroes into towers very skillfully i have noticed
(36:04 / All) BEAR_AND: grats
(36:28 / All) BEAR_AND: dpn't leave
(36:35 / All) Phoenix_Flame16: not planning on it
(36:44 / All) Phoenix_Flame16: leave me a building and we can chat more
(36:51 / All) BEAR_AND: "u got served" - zul'rajas
(36:54 / All) BEAR_AND: 2008
(36:58 / All) Phoenix_Flame16: you cant get pussy
(36:59 / All) bLinn: "i am invincibel" - james bonkd, 007, goldineye
(37:01 / All) Phoenix_Flame16: -me
(37:06 / All) BEAR_AND: i got it sun night sorry